 Dungeon Crawl Stone Soup version 0.31-a0-833-gc15d34cb79 (webtiles) character file.

Game seed: 7787645373882761252

52 Dittersdorf the Trooper (level 3, 0/24 HPs)
             Began as a Gargoyle Fighter on Sept 25, 2023.
             Slain by Sigmund
             ... wielding a +0 scythe
              (5 damage)
             ... on level 2 of the Dungeon.
             The game lasted 00:01:35 (1274 turns).

Dittersdorf the Trooper (Gargoyle Fighter)          Turns: 1274, Time: 00:01:35

Health: 0/24       AC: 11    Str: 21    XL:     3   Next: 85%
Magic:  3/3        EV:  9    Int:  8    God:
Gold:   113        SH:  4    Dex:  9    Spells: 2/2 levels left

rFire   . . .        a - +0 flail
rCold   . . .        c - +0 buckler
rNeg    + . .        b - +0 scale mail
rPois   ∞            (no helmet)
rElec   +            (no cloak)
rCorr   .            (no gloves)
SInv    .            k - +0 pair of boots
Will    .....        (no amulet) Stlth
                     (no ring)
HPRegen 0.24/turn    (no ring)
MPRegen 0.08/turn

%: no passive effects
@: no status effects
A: sickness immunity, AC +3, negative energy resistance 1, electricity
resistance, torment resistance 1, petrification resistance
a: no special abilities


You were on level 2 of the Dungeon.
You visited 1 branch of the dungeon, and saw 4 of its levels.

You collected 113 gold pieces.

Inventory:

Hand Weapons
 a - a +0 flail (weapon)
Armour
 b - a +0 scale mail (worn)
 c - a +0 buckler (worn)
 k - a +0 pair of boots (worn)
Scrolls
 e - 2 scrolls of teleportation {unknown}
 g - 6 scrolls of identify {unknown}
 h - a scroll of revelation {unknown}
Potions
 d - a potion of might
 i - 2 potions of resistance {unknown}
 j - a potion of invisibility {unknown}
 l - 3 potions of curing {unknown}
 m - 2 potions of attraction {unknown}


   Skills:
 + Level 3.8 Fighting
 + Level 2.6 Maces & Flails
 + Level 3.8 Armour
 + Level 3.8 Shields


You had 2 spell levels left.
You didn't know any spells.
Your spell library was empty.

Dungeon Overview and Level Annotations

Branches:
Dungeon (4/15)
 Temple: D:4-7

Altars:

Annotations:
D:2 Sigmund


Innate Abilities, Weirdness & Mutations

You are immune to sickness and miasma.
Your stone body is resilient. (AC +3)
You are immune to poison.
You resist negative energy. (rN+)
You are resistant to electric shocks. (rElec)
You are resistant to unholy torment.
You are immune to petrification.


Message History

Aim: Sigmund, wielding a +0 scythe and wearing a +0 robe (45% to hit)
You throw a poisoned dart. The poisoned dart hits Sigmund.
Sigmund hits you with a +0 scythe.
Unknown command.
You closely miss Sigmund. Sigmund hits you with a +0 scythe.
You closely miss Sigmund. Sigmund barely misses you.
You hit Sigmund.
Sigmund is lightly wounded.
You completely miss Sigmund.
Sigmund is lightly wounded.
Sigmund hits you with a +0 scythe.
You closely miss Sigmund.
Sigmund is lightly wounded.
Sigmund hits you but does no damage.
You hit Sigmund.
Sigmund is moderately wounded.
You block Sigmund's attack.
You barely miss Sigmund.
Sigmund is moderately wounded.
Sigmund hits you with a +0 scythe!
You closely miss Sigmund.
Sigmund is moderately wounded.
You block Sigmund's attack.
You closely miss Sigmund.
Sigmund is moderately wounded.
Sigmund hits you but does no damage.
You closely miss Sigmund.
Sigmund is moderately wounded.
You barely miss Sigmund.
Sigmund is moderately wounded.
Sigmund casts a spell.
Sigmund flickers and vanishes!
Deactivating autopickup; reactivate with Ctrl-A.
Something hits you but does no damage.
You miss something. Something hits you but does no damage.
You miss something. You barely miss something. Something hits you.
* * * LOW HITPOINT WARNING * * *
You miss something. Something hits you.
You die...

#.## #...>.##.###...## ###..#
#.....##.##.....# # ##.##.#
##.......#.......
####...#.#########...####........
'.................÷.....+........
####.....#########...####....>...
# ##.#.## ###.## ##....... ###.#
##.#.# ##.....# #.# ##@#..#
##...## #<# #{###.# ##'## # #.#
##.#.## #.# # #.# ##@## #.# # #.#
#####.##### #.# #######.#
#.........# ... ........#
#.###.###.# ... ######### #.# ...
# #..


There were no monsters in sight!

Vanquished Creatures
  An adder (D:3)
  A dart slug (D:1)
  4 orcs (D:3)
  2 ball pythons (D:1)
  6 endoplasms (D:1)
  2 giant cockroaches (D:1)
  A goblin (D:2)
  5 hobgoblins
  2 quokkas (D:1)
  4 bats
  3 kobolds (D:3)
  A rat (D:1)
32 creatures vanquished.

Notes
Turn   | Place    | Note
-------+----------+-------------------------------------------
     0 | D:1      | Dittersdorf the Gargoyle Fighter began the quest for the
                  | Orb.
     0 | D:1      | Reached XP level 1. HP: 14/14 MP: 1/1
   126 | D:1      | Reached XP level 2. HP: 19/19 MP: 2/2
   475 | D:1      | Reached XP level 3. HP: 19/23 MP: 3/3
   940 | D:2      | You fall into a shaft and drop 2 floors!
  1245 | D:2      | Noticed Sigmund
  1274 | D:2      | Slain by Sigmund

Illustrated notes

Levels and vault maps discovered:
D:1:      nicolae_arrival_memento_mori, layout_rooms, minmay_misc_feat_encased
D:2:      layout_loops_corners, basic_ecumenical_altar, uniq_crazy_yiuf_cottage,
          uniq_sigmund
D:3:      layout_rooms, marbit_many_paths, gammafunk_ghost_necromancy
D:4:      cheibrodos_greedy_goblins, layout_gridville, kennysheep_small_circle

Action                     || total
---------------------------++-------
  Melee: Flail             ||   133
  Throw: Dart              ||     2
 Armour: Scale mail        ||   106
  Dodge: Dodged            ||    69
  Block: Buckler           ||    30

Table legend: (Time is in decaauts)
 A = Elapsed time spent in this place.
 B = Non-inter-level travel time spent in this place.
 C = Inter-level travel time spent in this place.
 D = Time resting spent in this place.
 E = Time spent auto-exploring this place.
 F = Levels seen in this place.
 G = Mean time per level.
                   A        B        C        D        E       F      G
               +--------+--------+--------+--------+--------+-----+--------+
         Total |   1313 |   1261 |     52 |     12 |    918 |   4 |  328.2 |
       Dungeon |   1313 |   1261 |     52 |     12 |    918 |   4 |  328.2 |
               +--------+--------+--------+--------+--------+-----+--------+

Top non-repeatable levels by time:
     D:1: 685 daAuts
     D:2: 518 daAuts
     D:3: 98 daAuts
     D:4: 11 daAuts
